Map: Inside and Out

Players

Astrea - Winner!

  • Race: Protoss Protoss
  • Spawn Location: 1:00

MaNa

  • Race: Protoss Protoss
  • Spawn Location: 7:00

Event: DreamHack SC2 Masters 2022 Atlanta (Offline)

VOD

Have the link to the VOD?

Description

Time

  • Played on: Nov. 18, 2022, 5:27 p.m.
  • Length: 19:19

All games in this series

Show
View Real Time Build Order
Export as new Build Order

Astrea Protoss - Winner!

Build Orders: Oracle Opening 

Get SALT Encoding   

  12  0:00  Probe  
  13  0:12  Probe  
  14  0:17  Pylon  
  14  0:24  Probe (Chrono Boost)  
  15  0:36  Probe (Chrono Boost)  
  15  0:37  Gateway  
  16  0:44  Probe (Chrono Boost)  
  16  0:47  Assimilator  
  17  0:51  Probe  
  18  1:03  Probe (Chrono Boost)  
  19  1:09  Pylon  
  19  1:10  Assimilator  
  19  1:14  Probe (Chrono Boost)  
  20  1:19  Probe (Chrono Boost)  
  20  1:24  Cybernetics Core  
  21  1:29  Probe  
  22  1:33  Zealot  
  24  1:41  Probe  
  25  1:53  Probe  
  26  2:02  Adept  
  26  2:05  Probe  
  26  2:06  Pylon  
  29  2:11  Stargate  
  29  2:17  Probe  
  29  2:20  Warp Gate  
  31  2:33  Nexus  
  31  2:34  Probe  
  30  2:47  Pylon  
  30  2:52  Shield Battery  
  30  2:56  Probe  
  31  3:02  Oracle (Chrono Boost)  
  34  3:06  Stalker  
  34  3:08  Probe  
  37  3:20  Probe  
  37  3:21  Pylon  
  36  3:33  Probe  
  41  3:45  Probe x2  
  43  3:49  Twilight Council  
  43  3:57  Probe x2  
  45  4:06  Oracle  
  45  4:09  Probe x2  
  46  4:10  Gateway  
  46  4:14  Gateway  
  46  4:16  Blink (Chrono Boost)  
  46  4:19  Stalker  
  46  4:21  Probe  
  46  4:22  Probe  
  50  4:33  Probe  
  50  4:34  Probe, Gateway  
  50  4:38  Assimilator  
  52  4:45  Probe  
  53  4:46  Probe  
  53  4:52  Dark Shrine  
  54  4:57  Probe  
  54  4:58  Probe  
  56  5:02  Nexus  
  56  5:09  Probe  
  56  5:10  Pylon  
  57  5:16  Probe  
  55  5:22  Stalker x3  
  55  5:26  Pylon  
  61  5:31  Probe x2  
  63  5:38  Pylon  
  63  5:41  Pylon  
  63  5:43  Probe x2  
  63  5:48  Stalker x2  
  69  5:55  Probe x2  
  69  6:07  Probe  
  69  6:11  Dark Templar x2  
  68  6:13  Dark Templar  
  68  6:16  Stalker  
  68  6:17  Probe x2  
  74  6:19  Probe  
  75  6:29  Probe, Pylon  
  76  6:34  Probe  
  76  6:37  Probe  
  76  6:41  Probe  
  76  6:44  Pylon  
  76  6:46  Probe  
  76  6:48  Stalker  
  76  6:49  Forge, Stalker x3  
  76  6:50  Shield Battery  
  76  6:52  Probe  
  76  6:53  Probe  
  85  7:10  Gateway  
  85  7:11  Gateway  
  85  7:12  Stalker  
  85  7:13  Stalker x3  
  74  7:23  Probe  
  74  7:24  Probe x2  
  70  7:35  Probe  
  70  7:36  Probe x2, Stalker x3  
  70  7:48  Probe x3  
  53  7:58  Stalker  
  53  7:59  Stalker x2  
  53  8:00  Probe x3  
  59  8:12  Probe x3  
  57  8:20  Pylon  
  57  8:24  Probe x3 (Chrono Boost)  
  60  8:36  Probe x3 (Chrono Boost)  
  63  8:41  Probe x3 (Chrono Boost)  
  66  8:50  Probe x2  
  66  8:51  Probe  
  66  8:54  Robotics Facility  
  66  8:59  Stalker x2  
  66  9:01  Assimilator  
  70  9:03  Probe x3 (Chrono Boost)  
  70  9:07  Stalker  
  70  9:09  Stalker  
  77  9:15  Probe x2 (Chrono Boost)  
  77  9:16  Probe (Chrono Boost)  
  80  9:17  Stalker  
  80  9:23  Probe x2 (Chrono Boost)  
  84  9:27  Probe (Chrono Boost), Stalker x2  
  84  9:31  Stalker  
  89  9:41  Stalker x2  
  89  9:45  Probe x2  
  94  9:49  Probe  
  94  9:51  Observer (Chrono Boost)  
  95  9:56  Stalker  
  95  9:57  Probe  
  98  10:11  Dark Templar  
  98  10:12  Zealot x2  
  98  10:13  Zealot  
  106  10:15  Probe x3  
  106  10:18  Pylon  
  109  10:22  Pylon  
  109  10:28  Protoss Ground Weapons Level 1 (Chrono Boost)  
  107  10:34  Probe x2  
  107  10:35  Stalker  
  107  10:38  Stalker x3  
  113  10:48  Stalker  
  111  10:56  Immortal (Chrono Boost)  
  103  11:00  Nexus  
  103  11:14  Probe  
  103  11:15  Stalker x5  
  103  11:17  Probe x2  
  116  11:22  Probe  
  116  11:28  Immortal (Chrono Boost)  
  116  11:29  Probe  
  122  11:33  Probe  
  122  11:34  Pylon  
  122  11:36  Pylon  
  122  11:37  Probe  
  124  11:41  Shield Battery, Probe  
  125  11:51  Pylon  
  125  11:52  Probe  
  126  11:54  Pylon  
  126  11:55  Stalker x3  
  126  11:57  Probe  
  126  12:00  Observer (Chrono Boost), Photon Cannon  
  134  12:06  Pylon  
  134  12:07  Stalker  
  136  12:12  Stalker  
  138  12:15  Warp Prism (Chrono Boost)  
  138  12:19  Stalker  
  138  12:20  Charge, Protoss Ground Weapons Level 2 (Chrono Boost)  
  142  12:23  Stalker  
  142  12:25  Stalker  
  146  12:35  Probe x2, Assimilator  
  146  12:36  Probe  
  149  12:37  Probe  
  149  12:39  Assimilator  
  149  12:43  Stalker  
  149  12:44  Stalker  
  154  12:47  Probe  
  154  12:49  Stalker x2  
  159  12:54  Shadow Stride  
  159  12:58  Observer  
  159  13:05  Nexus  
  159  13:06  Photon Cannon, Pylon  
  159  13:07  Photon Cannon  
  159  13:33  Gateway x2  
  159  13:34  Gateway  
  159  13:38  Gateway  
  159  13:39  Robotics Bay  
  159  13:40  Gateway  
  159  13:41  Pylon  
  159  13:42  Photon Cannon, Pylon  
  159  13:43  Stalker x4  
  167  13:54  Stalker  
  159  14:05  Probe x4  
  159  14:07  Photon Cannon  
  159  14:09  Photon Cannon  
  163  14:10  Zealot x5  
  163  14:12  Shield Battery  
  163  14:13  Pylon  
  173  14:17  Pylon  
  173  14:18  Robotics Facility, Pylon  
  173  14:21  Probe  
  173  14:22  Probe x3  
  173  14:23  Disruptor (Chrono Boost)  
  176  14:27  Gravitic Boosters  
  179  14:35  Zealot x2  
  180  14:51  Disruptor  
  169  14:57  Stalker x10  
  189  15:00  Protoss Ground Weapons Level 3 (Chrono Boost)  
  189  15:11  Gateway  
  189  15:12  Gateway, Pylon  
  179  15:22  Disruptor  
  179  15:26  Zealot, Dark Templar x4  
  179  15:27  Disruptor, Zealot x3  
  197  15:31  Zealot  
  197  15:38  Assimilator  
  197  15:40  Assimilator  
  197  15:41  Nexus  
  191  15:58  Dark Templar x3, Observer (Chrono Boost)  
  191  15:59  Zealot  
  200  16:10  Photon Cannon  
  200  16:11  Photon Cannon  
  200  16:13  Photon Cannon  
  200  16:14  Shield Battery  
  200  16:15  Shield Battery  
  187  16:38  Disruptor (Chrono Boost)  
  177  16:46  Disruptor (Chrono Boost)  
  151  16:47  Stalker x12  
  158  17:03  Probe x6  
  158  17:06  Observer  
  158  17:15  Disruptor, Probe  
  159  17:18  Zealot  
  159  17:19  Zealot x11  
  159  17:22  Pylon  
  186  17:23  Photon Cannon  
  186  17:24  Assimilator  
  186  17:31  Disruptor (Chrono Boost)  
  189  17:41  Stalker  
  189  17:42  Stalker x4  
  199  17:44  Observer  
  185  18:01  Disruptor (Chrono Boost)  
  185  18:03  Disruptor (Chrono Boost)  
  184  18:15  Stalker x11  
  188  18:34  Disruptor (Chrono Boost)  
  188  18:42  Disruptor (Chrono Boost)  
  188  18:45  Zealot x9  
  198  18:59  Stalker  
  200  19:10  Nexus  
  200  19:13  Zealot x4  
  200  19:14  Zealot  
Show
View Real Time Build Order
Export as new Build Order

MaNa Protoss 

Build Orders:  

Get SALT Encoding   

  12  0:00  Probe  
  13  0:12  Probe  
  14  0:19  Pylon  
  14  0:24  Probe  
  15  0:37  Probe (Chrono Boost), Gateway  
  16  0:46  Probe (Chrono Boost)  
  16  0:49  Assimilator  
  17  0:51  Probe (Chrono Boost)  
  18  1:03  Probe (Chrono Boost)  
  19  1:05  Pylon  
  19  1:13  Probe (Chrono Boost)  
  19  1:18  Probe (Chrono Boost)  
  20  1:24  Cybernetics Core  
  23  1:25  Zealot  
  23  1:30  Probe  
  24  1:42  Probe  
  25  1:54  Probe  
  26  1:55  Pylon  
  26  1:59  Warp Gate (Chrono Boost)  
  26  2:01  Stalker  
  26  2:06  Probe  
  26  2:08  Pylon  
  29  2:15  Pylon  
  30  2:28  Nexus  
  29  2:32  Probe  
  29  2:34  Stalker  
  31  2:44  Probe  
  31  2:45  Gateway  
  32  2:54  Assimilator  
  32  2:57  Probe  
  33  3:05  Shield Battery  
  33  3:08  Shield Battery  
  33  3:09  Probe  
  34  3:21  Probe (Chrono Boost)  
  35  3:28  Twilight Council  
  35  3:30  Shield Battery  
  35  3:33  Probe (Chrono Boost)  
  36  3:40  Stalker x2  
  41  3:43  Probe x2 (Chrono Boost)  
  42  3:51  Probe (Chrono Boost)  
  42  3:52  Probe (Chrono Boost)  
  44  3:56  Probe (Chrono Boost)  
  44  4:01  Probe  
  46  4:05  Stalker x2  
  46  4:08  Probe  
  51  4:12  Pylon  
  51  4:13  Probe, Blink (Chrono Boost)  
  52  4:20  Probe  
  53  4:25  Probe, Pylon  
  54  4:32  Probe  
  54  4:35  Stalker x2  
  54  4:37  Probe  
  60  4:45  Gateway x2  
  60  4:47  Probe  
  62  4:53  Robotics Facility  
  62  4:54  Probe  
  62  4:59  Probe, Assimilator  
  63  5:07  Probe  
  63  5:11  Probe  
  59  5:19  Probe, Stalker x2  
  63  5:23  Probe  
  63  5:27  Nexus  
  64  5:31  Pylon  
  64  5:35  Pylon  
  64  5:42  Stalker x2  
  68  5:43  Observer  
  68  5:45  Probe  
  68  5:49  Probe  
  71  5:52  Stalker  
  69  6:05  Probe  
  69  6:10  Stalker x3  
  74  6:12  Probe  
  74  6:17  Probe, Stalker  
  76  6:24  Observer, Probe  
  76  6:37  Stalker x2  
  76  6:38  Probe  
  76  6:39  Probe x2  
  77  6:45  Stalker  
  79  6:51  Probe x2  
  81  6:55  Shield Battery  
  81  6:58  Stalker  
  83  7:02  Pylon  
  83  7:04  Observer, Stalker  
  83  7:07  Probe  
  81  7:19  Probe  
  81  7:22  Stalker x2  
  79  7:37  Probe  
  79  7:40  Stalker x2  
  84  7:46  Stalker  
  84  7:47  Zealot  
  84  7:51  Probe  
  84  7:57  Probe  
  76  8:03  Probe x2  
  66  8:07  Stalker x3  
  66  8:10  Probe  
  71  8:15  Probe  
  71  8:16  Probe  
  71  8:17  Stalker  
  74  8:20  Shield Battery  
  74  8:22  Shield Battery  
  74  8:28  Gateway  
  74  8:30  Probe x2  
  74  8:31  Observer  
  74  8:34  Stalker x2  
  80  8:41  Stalker  
  80  8:45  Observer, Stalker, Pylon  
  84  8:50  Probe x2  
  86  8:57  Forge  
  86  9:03  Adept x2  
  86  9:09  Observer  
  91  9:12  Gateway, Assimilator  
  91  9:14  Gateway  
  85  9:38  Stalker x5  
  85  9:43  Protoss Ground Weapons Level 1 (Chrono Boost)  
  85  9:55  Observer  
  85  10:02  Stalker x3  
  85  10:03  Zealot, Stalker  
  95  10:10  Stalker  
  95  10:11  Assimilator  
  95  10:13  Stalker  
  95  10:14  Shield Battery, Pylon  
  99  10:16  Probe x2  
  101  10:22  Observer  
  100  10:32  Stalker x4  
  100  10:34  Zealot x2  
  106  10:46  Stalker  
  105  10:55  Nexus, Observer  
  95  10:57  Stalker x5  
  99  11:12  Observer (Chrono Boost), Pylon  
  99  11:20  Photon Cannon  
  99  11:21  Stalker x5  
  99  11:23  Probe x2  
  111  11:27  Stalker  
  111  11:31  Stalker  
  111  11:32  Probe  
  116  11:35  Probe, Protoss Ground Weapons Level 2 (Chrono Boost)  
  116  11:37  Probe  
  118  11:44  Zealot x2, Probe  
  118  11:45  Charge (Chrono Boost)  
  123  11:55  Observer, Probe x2  
  123  11:57  Assimilator  
  125  12:07  Probe x4, Pylon  
  129  12:10  Gateway  
  129  12:12  Robotics Bay  
  129  12:13  Robotics Facility  
  129  12:19  Probe x3, Pylon  
  129  12:20  Probe  
  133  12:23  Observer  
  133  12:24  Observer (Chrono Boost)  
  133  12:27  Pylon  
  134  12:31  Probe x2  
  134  12:32  Probe  
  134  12:36  Pylon  
  137  12:38  Photon Cannon  
  137  12:40  Shield Battery  
  137  12:42  Photon Cannon, Stalker  
  139  12:45  Sentry x2  
  139  12:46  Sentry  
  139  12:47  Sentry  
  146  12:51  Shield Battery  
  146  12:59  Disruptor  
  146  13:05  Observer  
  149  13:16  Stalker x6  
  149  13:18  Assimilator  
  149  13:19  Assimilator  
  161  13:23  Zealot x2  
  165  13:27  Observer (Chrono Boost)  
  165  13:36  Disruptor (Chrono Boost)  
  165  13:38  Nexus  
  165  13:40  Pylon  
  168  13:51  Protoss Ground Weapons Level 3 (Chrono Boost)  
  164  13:58  Pylon  
  164  14:00  Pylon  
  164  14:02  Stalker x4  
  171  14:09  Photon Cannon  
  171  14:10  Shield Battery, Pylon  
  171  14:12  Photon Cannon  
  171  14:13  Pylon  
  171  14:16  Photon Cannon  
  171  14:17  Observer  
  171  14:18  Photon Cannon  
  171  14:21  Disruptor (Chrono Boost)  
  171  14:23  Disruptor (Chrono Boost)  
  171  14:29  Nexus  
  177  14:33  Pylon  
  177  14:36  Stalker x2  
  177  14:37  Stalker  
  177  14:58  Disruptor x2  
  177  15:00  Stalker x5  
  177  15:04  Zealot x3  
  193  15:12  Observer  
  181  15:33  Disruptor x2  
  181  15:34  Dark Shrine  
  187  15:37  Stalker x2  
  187  15:39  Pylon  
  187  15:40  Nexus  
  191  15:46  Zealot x2  
  195  16:00  Probe  
  195  16:02  Observer, Photon Cannon  
  195  16:04  Photon Cannon  
  196  16:05  Robotics Facility, Photon Cannon  
  196  16:06  Shield Battery  
  196  16:07  Shield Battery  
  196  16:09  Disruptor  
  196  16:25  Observer  
  184  16:38  Stalker x8  
  184  16:39  Observer  
  179  16:45  Colossus (Chrono Boost)  
  179  16:46  Disruptor (Chrono Boost)  
  159  16:59  Nexus  
  159  17:00  Disruptor (Chrono Boost)  
  154  17:09  Stalker x4  
  162  17:18  Zealot x2  
  162  17:19  Disruptor (Chrono Boost), Pylon  
  167  17:33  Disruptor x2 (Chrono Boost)  
  173  17:41  Shield Battery  
  173  17:42  Shield Battery  
  170  17:44  Disruptor (Chrono Boost)  
  170  17:49  Dark Templar x2  
  177  17:58  Observer  
  170  18:00  Disruptor x2  
  176  18:08  Zealot x3, Assimilator  
  176  18:10  Assimilator  
  180  18:13  Observer  
  163  18:33  Stalker x5  
  160  18:34  Disruptor  
  160  18:40  Disruptor x2, Observer  
  154  18:52  Probe x2  
  154  18:53  Probe x2  
  158  19:03  Dark Templar  
  158  19:04  Probe  
  158  19:05  Probe  
  158  19:06  Probe x2  
Tags
 
Add a new tag
Caveats
  • Supply blocks, unpowered buildings, or Contaminate may cause inaccurate times.
  • Supply counts are checked every 10 seconds.